 Dungeon Crawl Stone Soup version 0.21-a0-525-ga34b322 (webtiles) character file.

2307 Amnesiac the Shooter (level 9, -2/69 HPs)
             Began as a Mummy Hunter on Dec 7, 2017.
             Was a Believer of Dithmenos.
             Slain by a two-headed ogre
             ... wielding a +0 giant club
              (10 damage)
             ... on level 6 of the Dungeon.
             The game lasted 00:12:37 (6045 turns).

Amnesiac the Shooter (Mummy Hunter)                 Turns: 6045, Time: 00:12:38

Health: -2/69      AC: 16    Str: 19    XL:     9   Next: 18%
Magic:  9/9        EV:  7    Int: 10    God:    Dithmenos [**....]
Gold:   287        SH:  0    Dex: 12    Spells: 8/8 levels left

rFire    + . .     SeeInvis .   b - +1 short sword (venom)
rCold    + . .     Gourm    .   (no shield)
rNeg     + + +     Faith    .   n - +0 plate armour
rPois    ∞         Spirit   .   o - +0 helmet
rElec    .         Reflect  .   p - +0 cloak
rCorr    .         Harm     +   i - +1 pair of gloves
MR       +....                  (no boots)
Stlth    ..........             D - amulet of harm
HPRegen  0.21/turn              w - ring of protection from fire
MPRegen  0.11/turn              u - ring of protection from fire

@: wreathed by umbra
A: no food or potions, fire vulnerability, cold resistance 1, negative energy
resistance 3, torment resistance, unbreathing
a: Shadow Step, Renounce Religion


You were on level 6 of the Dungeon.
You worshipped Dithmenos.
Dithmenos was pleased with you.
You were not hungry.

You visited 2 branches of the dungeon, and saw 7 of its levels.
You also visited: Ossuary.

You collected 599 gold pieces.
You spent 312 gold pieces at shops.

Inventory:

Hand Weapons
 a - a +1 shortbow
 b - a +1 short sword of venom (weapon)
 q - a +0 short sword of protection
 s - a +0 hunting sling
Missiles
 d - 93 arrows
 f - 6 bolts
 t - 38 sling bullets
 y - 3 needles of frenzy
 E - 10 poisoned needles
Armour
 i - a +1 pair of gloves (worn)
 n - a +0 plate armour (worn)
 o - a +0 helmet (worn)
 p - a +0 cloak (worn)
Jewellery
 u - a ring of protection from fire (right hand)
 w - a ring of protection from fire (left hand)
 z - the amulet "Katen" {Gourm *Slow rC+ MR+ Dex+3}
   (You found it on level 5 of the Dungeon)

   [amulet of the gourmand]

   It allows you to eat raw meat even when not hungry.
   It affects your dexterity (+3).
   It protects you from cold.
   It affects your resistance to hostile enchantments.
   It may slow you when you take damage.
 D - an amulet of harm (around neck)
Wands
 C - a wand of paralysis (10)
Scrolls
 e - 3 scrolls of immolation {!r}
 g - 3 scrolls of magic mapping {!r}
 h - 2 scrolls of amnesia {!r}
 j - a scroll of remove curse {!r}
 k - a scroll of fear {!r, unknown}
 l - a scroll of blinking {!r}
 m - 3 scrolls of fog {!r, unknown}
 r - 2 scrolls of enchant weapon {!r, unknown}
 v - a scroll of brand weapon {!r}
 x - 2 scrolls of acquirement {!r}
 A - a scroll of enchant armour {!r}
 B - a scroll of vulnerability {!r}
Books
 c - a book of Minor Magic

   Spells                             Type                      Level
   a - Magic Dart                     Conjuration                  1
   b - Blink                          Translocation                2
   c - Call Imp                       Summoning                    2
   d - Slow                           Hexes                        2
   e - Conjure Flame                  Conjuration/Fire             3
   f - Mephitic Cloud                 Conjuration/Poison/Air       3


   Skills:
 + Level 5.7 Fighting
 * Level 7.2 Bows
 + Level 4.6 Armour
 + Level 4.6 Dodging
 - Level 0.7 Stealth


You had 8 spell levels left.
You didn't know any spells.

Dungeon Overview and Level Annotations

Branches:
Dungeon (6/15)             Temple (1/1) D:4

Altars:
Cheibriados
Dithmenos
Elyvilon
Fedhas
Hepliaklqana
Kikubaaqudgha
Makhleb
Nemelex Xobeh
Okawaru
Qazlal
Ru
Sif Muna
Trog
Uskayaw
Vehumet
Xom
Yredelemnul
Zin
The Shining One

Shops:
D:5 *


Innate Abilities, Weirdness & Mutations

You do not eat or drink.
Your flesh is vulnerable to fire.
You are immune to poison.
Your flesh is cold resistant. (rC+)
You are immune to negative energy. (rN+++)
You are immune to unholy pain and torment.
You can survive without breathing.


Message History

The orc warrior looks as sick as possible!
The orc warrior is almost dead.
The orc warrior hits you with a hand axe!
You barely miss the orc warrior.
The orc warrior is almost dead.
You kill the orc warrior!
Dithmenos accepts your kill.
You barely miss the orc.
The orc is lightly wounded.
The orc closely misses you.
You closely miss the orc. The orc closely misses you.
You barely miss the orc. The orc hits you but does no damage.
You closely miss the orc. The orc hits you but does no damage.
You hit the orc but do no damage. The orc hits you but does no damage.
You barely miss the orc. The orc hits you with a club.
You hit the orc.
The orc is poisoned.
The orc is lightly wounded.
You kill the orc!
Dithmenos accepts your kill.
No target in view!
Your +1 short sword of venom stops dripping with poison.
a - a +1 shortbow (weapon)
You start resting.
The two-headed ogre shouts in stereo!
Items here: $ ( )) [[ Firing (i - inventory):
d - 97 arrows (quivered)
Press: ? - help, Shift-Dir - straight line, f - two-headed ogre
Aim: a two-headed ogre, wielding two giant clubs You shoot an arrow.
The arrow hits the two-headed ogre.
The two-headed ogre is lightly wounded.
Firing (i - inventory):
d - 96 arrows (quivered)
Press: ? - help, Shift-Dir - straight line, f/p - two-headed ogre
Aim: a two-headed ogre, wielding two giant clubs (lightly wounded)
You shoot an arrow.
The arrow hits the two-headed ogre but does no damage.
The two-headed ogre is lightly wounded.
Firing (i - inventory):
d - 95 arrows (quivered)
Press: ? - help, Shift-Dir - straight line, f/p - two-headed ogre
Aim: a two-headed ogre, wielding two giant clubs (lightly wounded)
You shoot an arrow. The arrow hits the two-headed ogre!
The two-headed ogre is moderately wounded.
Firing (i - inventory):
d - 94 arrows (quivered)
Press: ? - help, Shift-Dir - straight line, f/p - two-headed ogre
Aim: a two-headed ogre, wielding two giant clubs (moderately wounded)
You shoot an arrow. The arrow hits the two-headed ogre!
The two-headed ogre is heavily wounded.
Your +1 short sword of venom begins to drip with poison!
b - a +1 short sword of venom (weapon)
You hit the two-headed ogre.
The two-headed ogre is poisoned.
The two-headed ogre is heavily wounded.
The two-headed ogre barely misses you.
The two-headed ogre hits you with a giant club.
Your plate armour prevents you from hitting the two-headed ogre.
The two-headed ogre is heavily wounded.
The two-headed ogre hits you with a giant club!!
* * * LOW HITPOINT WARNING * * *
The two-headed ogre hits you but does no damage.
You puncture the two-headed ogre!
The two-headed ogre looks as sick as possible!
The two-headed ogre is severely wounded.
The two-headed ogre hits you with a giant club!
* * * LOW HITPOINT WARNING * * *
The two-headed ogre hits you with a giant club!
You die...

*** ***#.*#.....#...........
**,******,,.,,(.....#...........
*,,,,,,,,,*,,..>....#...........
**,********,,##(#...#.########)#
*,********,,*#.##..#..### ##)..
*,**,,,,,,,,*#.#*#)#....###....
*,**,*****,,,#(# #.#....##.....
*,**,* *,*,#.# #.#.....#.....
*,**,*****,*,#@# #.##....#.....
*,,*,,,,**,*,#O# #.##....##....
**,****,**,*,#.# #.####..###...
*,* *,*,,*,#(# #.#####.######
*,* *,*,**,#(# #....##...# *,*
*,*,**,#(###.#.#.##..# *,*
*,*,**,#.............#### **,**
*,*,**,#####.#.#.###.....
*,,,***,*,**,* #....## #..###


You could see a two-headed ogre.

Vanquished Creatures
  Prince Ribbit (D:5)
  2 orc warriors
  2 sky beasts
  An ice beast (D:4)
  A phantom (D:6)
  A centaur (D:6)
  An ogre (D:6)
  2 elf zombies (D:4)
  An elf skeleton (D:4)
  2 gnoll sergeants
  2 howler monkeys (D:4)
  A centaur zombie (D:5)
  A bullfrog zombie (D:5)
  A crimson imp (D:6)
  An orc priest (D:5)
  2 hounds
  A centaur skeleton (D:4)
  3 human zombies (D:4)
  6 orc wizards
  Terence (D:2)
  A worker ant (D:6)
  An iguana (D:6)
  2 human skeletons (D:4)
  A big kobold zombie (Ossuary)
  2 hound zombies (D:5)
  A hound skeleton (D:4)
  8 mummies (Ossuary)
  4 gnolls (D:5)
  7 adders
  A worker ant zombie (D:6)
  An ooze (D:2)
  2 adder zombies (D:5)
  4 worms
  A dart slug (D:1)
  4 leopard geckos
  13 orcs
  9 bats
  3 giant cockroaches
  7 goblins
  11 hobgoblins
  4 jackals (D:5)
  A quokka (D:6)
  2 ball pythons
  4 frilled lizards
  2 gnoll zombies (Ossuary)
  2 hobgoblin zombies (Ossuary)
  7 kobolds
  2 kobold zombies (Ossuary)
  A leopard gecko zombie (D:6)
  2 orc skeletons (D:4)
  2 orc zombies
  5 rats
150 creatures vanquished.

Notes
Turn   | Place    | Note
-------+----------+-------------------------------------------
     0 | D:1      | Amnesiac the Mummy Hunter began the quest for the Orb.
     0 | D:1      | Reached XP level 1. HP: 16/16 MP: 1/1
    26 | D:1      | Found a sparkling altar of Nemelex Xobeh.
    80 | D:1      | Reached skill level 1 in Armour
   116 | D:1      | Reached XP level 2. HP: 22/22 MP: 2/2
   827 | D:2      | Noticed Terence
   840 | D:2      | Killed Terence
   840 | D:2      | Reached XP level 3. HP: 24/27 MP: 3/3
  1028 | D:2      | Reached XP level 4. HP: 30/34 MP: 4/4
  1452 | D:2      | Found a deep blue altar of Sif Muna.
  2122 | D:4      | Reached skill level 4 in Bows
  2122 | D:4      | Reached XP level 5. HP: 37/40 MP: 5/5
  2124 | D:4      | Noticed an ice beast
  2136 | D:4      | Killed an ice beast
  2169 | D:4      | Noticed an orc warrior
  2199 | D:4      | Killed an orc warrior
  2199 | D:4      | Reached XP level 6. HP: 9/47 MP: 6/6
  2393 | D:4      | Found a staircase to the Ecumenical Temple.
  2453 | Temple   | Entered the Ecumenical Temple
  2475 | Temple   | Became a worshipper of Dithmenos the Shadowed
  2557 | D:4      | Found an ancient bone altar of Kikubaaqudgha.
  2635 | D:4      | Reached skill level 5 in Bows
  2635 | D:4      | Reached XP level 7. HP: 37/53 MP: 7/7
  2713 | D:4      | Found a sand-covered staircase.
  2721 | Ossuary  | Entered an ossuary
  3049 | Ossuary  | Reached * piety under Dithmenos
  3595 | D:4      | Found a basalt altar of Yredelemnul.
  3824 | D:5      | Entered Level 5 of the Dungeon
  3854 | D:5      | Noticed Prince Ribbit
  3887 | D:4      | Reached XP level 8. HP: 51/61 MP: 8/8
  3978 | D:5      | Found a sacrificial altar of Ru.
  4012 | D:5      | Reached skill level 6 in Bows
  4057 | D:5      | Found a hazy altar of Hepliaklqana.
  4078 | D:5      | Found an iron altar of Okawaru.
  4221 | D:5      | Killed Prince Ribbit
  4253 | D:5      | Reached skill level 5 in Fighting
  4269 | D:5      | Found Onielafo's Assorted Antiques.
  4417 | D:5      | Reached ** piety under Dithmenos
  4435 | D:5      | Found a white marble altar of Elyvilon.
  4504 | D:5      | Found a snail-covered altar of Cheibriados.
  4971 | D:5      | Got a twitching copper amulet
  4984 | D:5      | Bought a scroll labeled ASKOFE HOGIEGU for 26 gold pieces
  4984 | D:5      | Bought a scroll labeled LYPLAD USHINK for 26 gold pieces
  4984 | D:5      | Bought a peridot ring for 130 gold pieces
  4984 | D:5      | Bought a dented garnet amulet for 130 gold pieces
  4984 | D:5      | Identified the amulet "Katen" {Gourm *Slow rC+ MR+ Dex+3} (You found it on level 5 of the Dungeon)
  4991 | D:5      | Identified 2 scrolls of acquirement {!r}
  5215 | D:6      | Found a stormy altar of Qazlal.
  5216 | D:6      | Found a blossoming altar of Fedhas.
  5273 | D:6      | Found a stormy altar of Qazlal.
  5578 | D:6      | Reached skill level 7 in Bows
  5578 | D:6      | Reached XP level 9. HP: 64/68 MP: 9/9
  5606 | D:6      | Paralysed by a gnoll sergeant for 3 turns
  5722 | D:6      | Noticed a two-headed ogre
  6045 | D:6      | Slain by a two-headed ogre

Vault maps used:
D:1:      matt_arrival_los_fun, nemelex_xobeh_ov_fountains_minmay
D:2:      lemuel_blue_sif_altar, uniq_terence
D:3:      eino_tiny_chamber, minmay_misc_feat_room
D:4:      kennysheep_mini, nicolae_overflow_hidden_temple,
          minmay_temple_entry_purple_smoke, first_bread,
          nicolae_ossuary_entry_catacombs
D:5:      elyvilon_altar_5, lemuel_crystal_altar, overflow_temple_1_default,
          cheibrodos_worm_habitat, marbit_many_paths, serial_shops,
          shop_fountains, uniq_prince_ribbit1
D:6:      minmay_opposing_rooms, grunt_temple_overflow_forces_of_nature,
          grunt_qazlal_clouds
Temple:   jpeg_temple_island
Ossuary:  ossuary_tomb_3

Skill      XL: |  1  2  3  4  5  6  7  8 |
---------------+-------------------------+-----
Armour         | 1 2 3 4 |  4.6
Dodging        | 2 3 4 |  4.6
Bows           | 4 5 7 |  7.2
Fighting       | 3 4 5 |  5.7
Stealth        | |  0.7

Action                   |  1- 3 |  4- 6 |  7- 9 || total
-------------------------+-------+-------+-------++-------
Melee: Short sword       |   108 |   236 |   395 ||   739
 Fire: Shortbow          |    19 |     5 |   153 ||   177
       Hunting sling     |       |     9 |       ||     9
  Use: Scroll            |       |       |     9 ||     9
 Stab: Sleeping          |     2 |       |       ||     2
Armor: Leather armour    |    19 |       |       ||    19
       Plate armour      |    29 |   173 |   291 ||   493
Dodge: Dodged            |    64 |    52 |   158 ||   274

Table legend:
 A = Spawn XP
 B = Non-spawn XP
 C = Spawn XP percentage of total XP
 D = Spawn monster count
 E = Non-spawn monster count
 F = Spawn count percentage of total count
 G = Total turns spent on level
                    A         B        C        D         E        F      G
               +---------+---------+-------+---------+---------+-------+---------
         Total |       0 |    3297 |   0.0 |       0 |     150 |   0.0 |  6045
               +---------+---------+-------+---------+---------+-------+---------
           D:1 |       0 |      35 |   0.0 |       0 |      19 |   0.0 |   808
           D:2 |       0 |     103 |   0.0 |       0 |      20 |   0.0 |   707
           D:3 |       0 |      31 |   0.0 |       0 |      17 |   0.0 |   631
           D:4 |       0 |    1118 |   0.0 |       0 |      27 |   0.0 |  1210
           D:5 |       0 |     953 |   0.0 |       0 |      34 |   0.0 |  1266
           D:6 |       0 |     881 |   0.0 |       0 |      17 |   0.0 |   879
       Ossuary |       0 |     176 |   0.0 |       0 |      16 |   0.0 |   512
               +---------+---------+-------+---------+---------+-------+---------
